[Event "Titled Tuesday Blitz October 5 2021"]
[White "Piesik, Piotr"]
[Black "Pasti, Aron"]
[WhiteFideId "1136194"]
[BlackFideId "785857"]
[WhiteElo "2336"]
[BlackElo "2080"]
[Result "1-0"]
[Round "05"]
[TimeControl "180+1"]
[Date "2021.10.05"]
[WhiteClock "0:02:21"]
[BlackClock "0:01:10"]

1. Nf3 d5 2. g3 Bg4 3. Bg2 c6 4. O-O Nd7 5. d3 Ngf6 6. Nbd2 e6 7. e4 h6 8. h3 Bh5 9. Qe1 Bg6 10. e5 Nh7 11. Nb3 Be7 12. Bf4 O-O 13. Qe2 Re8 14. g4 Ng5 15. Nxg5 hxg5 16. Bg3 c5 17. c4 Nb6 18. Rad1 f5 19. exf6 Bf5 20. gxf5 1-0


[Site "https://www.chess.com"]

[Event "Titled Tuesday Blitz October 5 2021"]
[White "Pires, Marcos Vinicius Torsani"]
[Black "Kadam, Om Manish"]
[WhiteFideId "2118939"]
[BlackFideId "45076294"]
[WhiteElo "2273"]
[BlackElo "1729"]
[Result "0-1"]
[Round "05"]
[TimeControl "180+1"]
[Date "2021.10.05"]
[WhiteClock "0:00:18"]
[BlackClock "0:00:19"]

1. e4 c6 2. d4 d5 3. exd5 cxd5 4. c4 dxc4 5. Bxc4 Nf6 6. Nc3 e6 7. Nf3 Nc6 8. O-O Bd6 9. Re1 O-O 10. Bg5 Be7 11. a3 a6 12. Ba2 h6 13. Bh4 Bd7 14. Qe2 Re8 15. Rad1 Rc8 16. Ne5 Nd5 17. Bxe7 Ncxe7 18. Ne4 Bb5 19. Qf3 Nf5 20. Nxf7 Kxf7 21. g4 g6 22. gxf5 gxf5 23. Nc5 Qg5+ 24. Kh1 Bc6 25. Rg1 Qh4 26. Rg3 Rcd8 27. Rdg1 Nf6 28. Rg7+ Kf8 29. d5 Rxd5 30. Qg3 Rxc5+ 31. f3 Qxg3 32. R7xg3 Rc2 33. Rg6 Bxf3+ 0-1


[Site "https://www.chess.com"]

[Event "Titled Tuesday Blitz October 5 2021"]
[White "Potapova, Margarita"]
[Black "Estrada Nieto, Julian"]
[WhiteFideId "14126869"]
[BlackFideId "5101018"]
[WhiteElo "2214"]
[BlackElo "2270"]
[Result "1/2-1/2"]
[Round "05"]
[TimeControl "180+1"]
[Date "2021.10.05"]
[WhiteClock "0:02:25"]
[BlackClock "0:02:16"]

1. d4 d5 2. c4 dxc4 3. e4 e5 4. Nf3 exd4 5. Bxc4 Nc6 6. O-O Be6 7. Bb5 Bc5 8. b4 Bb6 9. a4 a6 10. Bxc6+ bxc6 11. a5 Ba7 12. Bb2 Nf6 13. Bxd4 Nxe4 14. Bxa7 Qxd1 15. Rxd1 Rxa7 16. Ne5 Bd5 17. f3 Nd6 18. Nc3 f6 19. Nxd5 fxe5 20. Nxc7+ Rxc7 21. Rxd6 Ke7 22. Rdd1 1/2-1/2


[Site "https://www.chess.com"]

[Event "Titled Tuesday Blitz October 5 2021"]
[White "Pridorozhni, Aleksei"]
[Black "Maksimovic, Bojan"]
[WhiteFideId "4127870"]
[BlackFideId "14408120"]
[WhiteElo "2565"]
[BlackElo "2439"]
[Result "1-0"]
[Round "05"]
[TimeControl "180+1"]
[Date "2021.10.05"]
[WhiteClock "0:00:14"]
[BlackClock "0:00:01"]

1. e4 c5 2. Nc3 Nc6 3. Bb5 Nd4 4. Nf3 a6 5. Bd3 g6 6. Nxd4 cxd4 7. Ne2 Bg7 8. c3 dxc3 9. bxc3 d5 10. O-O dxe4 11. Bxe4 Nf6 12. Bf3 O-O 13. d4 Ra7 14. a4 b6 15. Rb1 Bb7 16. Bxb7 Rxb7 17. Qd3 Qa8 18. c4 Rc8 19. Be3 Rbc7 20. Rfc1 Nd7 21. h3 Qc6 22. Qb3 e5 23. d5 Qd6 24. f3 h5 25. Ng3 f5 26. Nf1 Nc5 27. Qxb6 Qxb6 28. Rxb6 Nxa4 29. Rxa6 Rxc4 30. Rxc4 Rxc4 31. Rxg6 Kf7 32. Rg5 f4 33. Bf2 Bf6 34. Rxh5 Kg6 35. g4 fxg3 36. Nxg3 Nc3 37. d6 Ne2+ 38. Nxe2 Kxh5 39. Ng3+ Kg6 40. Ne4 Bd8 41. Kg2 Kf5 42. Kg3 Rc2 43. Be3 Ra2 44. h4 Ra3 45. Bg5 Bb6 46. h5 Ra8 47. h6 Rh8 48. Kh4 Kg6 49. Kg4 Rh7 50. Nf6 Ra7 51. h7 Ra4+ 52. f4 Ra8 53. fxe5 Ra4+ 54. Kf3 Ra8 55. Bf4 Kf5 56. Ng8 Ra3+ 57. Kg2 Kxf4 58. h8=Q Ra2+ 59. Kh3 Ra3+ 60. Kg2 Ra2+ 61. Kf1 Rf2+ 62. Ke1 Rg2 63. Qf6+ Ke3 64. Kd1 Rg1+ 65. Kc2 Rg2+ 66. Kb3 Bd4 67. d7 Rb2+ 68. Ka3 Kd3 69. d8=Q Rb1 70. Qxd4+ Kxd4 71. e6+ Kd5 72. e7 Rb8 73. Qf8 1-0


[Site "https://www.chess.com"]

[Event "Titled Tuesday Blitz October 5 2021"]
[White "Przybylski, Wojciech"]
[Black "Karolczuk, Iwo"]
[WhiteFideId "1117599"]
[BlackFideId "21816972"]
[WhiteElo "2247"]
[BlackElo "2093"]
[Result "1-0"]
[Round "05"]
[TimeControl "180+1"]
[Date "2021.10.05"]
[WhiteClock "0:00:07"]
[BlackClock "0:00:04"]

1. e4 g6 2. d4 Bg7 3. Nc3 c6 4. Be3 d5 5. e5 h5 6. Bd3 Nh6 7. f4 Ng4 8. Bd2 Nh6 9. Nf3 Bf5 10. Be2 Nd7 11. O-O Bg4 12. Be3 e6 13. Na4 Rc8 14. b4 b6 15. c3 O-O 16. h3 Bxf3 17. Rxf3 Re8 18. Bf2 Bf8 19. Rb1 Qc7 20. Bd3 c5 21. b5 cxd4 22. cxd4 Qd8 23. Qe1 Qe7 24. Rb3 Bg7 25. Bh4 Qf8 26. Rf1 Rc7 27. Qe2 Nf5 28. Bf2 Rec8 29. g4 hxg4 30. hxg4 Ne7 31. Qf3 f5 32. g5 Kf7 33. Kg2 Rc1 34. Be2 Rxf1 35. Bxf1 Rc7 36. Rc3 Qc8 37. Be1 Nb8 38. Qd3 Bf8 39. Qc2 Rxc3 40. Bxc3 Qd7 41. Qd2 Nc8 42. Qf2 Qc7 43. Qh4 Bg7 44. Qe1 Ne7 45. Qb1 Nd7 46. Kf2 Nc8 47. Ke3 Qd8 48. Kd2 Qh8 49. Be2 Qh2 50. Qf1 Qg3 51. Nb2 Ne7 52. Nd3 Nb8 53. a4 a6 54. Qb1 a5 55. Qa1 Nc8 56. Qa3 Nd7 57. Qc1 Bf8 58. Bb2 Be7 59. Qxc8 Nf8 60. Qc7 Ke8 61. Bc3 Qg2 62. Qc6+ Kf7 63. Qxb6 Nd7 64. Qxa5 Nb8 65. Qb6 Nd7 66. Qb7 Nf8 67. a5 Ke8 68. a6 Bxg5 69. a7 Bxf4+ 1-0


[Site "https://www.chess.com"]

[Event "Titled Tuesday Blitz October 5 2021"]
[White "Rasulov, Vugar"]
[Black "Karttunen, Mika"]
[WhiteFideId "13402390"]
[BlackFideId "502081"]
[WhiteElo "2560"]
[BlackElo "2343"]
[Result "1-0"]
[Round "05"]
[TimeControl "180+1"]
[Date "2021.10.05"]
[WhiteClock "0:01:36"]
[BlackClock "0:00:11"]

1. d4 Nf6 2. c4 g6 3. Nf3 Bg7 4. e3 O-O 5. Be2 d6 6. O-O Nbd7 7. b4 e5 8. Bb2 Qe7 9. Nc3 c6 10. b5 Re8 11. a4 e4 12. Nd2 h5 13. a5 a6 14. Qa4 c5 15. Nb3 cxd4 16. Nxd4 Nc5 17. Qa3 Bg4 18. Rad1 Bxe2 19. Ndxe2 Rec8 20. Nf4 Nd3 21. Nxd3 exd3 22. Rxd3 Rxc4 23. Qxd6 Qxd6 24. Rxd6 Rxc3 25. Bxc3 Ne4 26. Bxg7 Nxd6 27. Be5 Nxb5 28. Rd1 Re8 29. f4 f6 30. Bxf6 Rxe3 31. Rd7 Ra3 32. Rxb7 Rxa5 33. Rg7+ Kf8 34. Rxg6 Kf7 35. Rh6 Ra4 36. Be5 Nd4 37. Rf6+ Ke7 38. Kf2 Ne6 39. Ke3 a5 40. Rh6 Ra2 41. Rh7+ Ke8 42. Bd6 Kd8 43. f5 Ng5 44. Be7+ Ke8 45. Bxg5 Rxg2 46. h4 Ra2 47. f6 Ra3+ 48. Ke4 1-0


[Site "https://www.chess.com"]

[Event "Titled Tuesday Blitz October 5 2021"]
[White "Riazantsev, Alexander"]
[Black "Khusnutdinov, Rustam"]
[WhiteFideId "4125029"]
[BlackFideId "13701703"]
[WhiteElo "2497"]
[BlackElo "2571"]
[Result "0-1"]
[Round "05"]
[TimeControl "180+1"]
[Date "2021.10.05"]
[WhiteClock "0:00:01"]
[BlackClock "0:00:18"]

1. d4 Nf6 2. c4 g6 3. Nc3 c5 4. d5 Bg7 5. Nf3 O-O 6. Bg5 b5 7. cxb5 a6 8. e3 Qa5 9. Nd2 axb5 10. Bxb5 Qb4 11. Rb1 d6 12. a3 Qa5 13. Nc4 Qa7 14. O-O Na6 15. Bc6 Rb8 16. Nb5 Rxb5 17. Bxb5 Nc7 18. Bxf6 Bxf6 19. Bc6 Bf5 20. Rc1 Rb8 21. Qe2 Rb3 22. e4 Bc8 23. Qc2 Qb8 24. Ba4 Rb7 25. e5 Bf5 26. Qe2 dxe5 27. d6 Ne6 28. Bc6 Nd4 29. Qe3 Nxc6 30. Qxc5 Nd4 31. dxe7 Rxe7 32. Kh1 Nb3 33. Qd6 Qxd6 34. Nxd6 Nxc1 35. Nxf5 gxf5 36. Rxc1 e4 37. b4 Ra7 38. g3 Rxa3 39. Rc5 Kg7 40. Rxf5 Rb3 41. b5 Rf3 0-1


[Site "https://www.chess.com"]

[Event "Titled Tuesday Blitz October 5 2021"]
[White "Ronka, Erik"]
[Black "Bodnaruk, Anastasia"]
[WhiteFideId "505080"]
[BlackFideId "4181751"]
[WhiteElo "2264"]
[BlackElo "2406"]
[Result "0-1"]
[Round "05"]
[TimeControl "180+1"]
[Date "2021.10.05"]
[WhiteClock "0:00:01"]
[BlackClock "0:00:05"]

1. e4 c5 2. Nf3 d6 3. d4 cxd4 4. Nxd4 Nf6 5. Bc4 e6 6. Nc3 a6 7. Bb3 b5 8. O-O Be7 9. Qf3 Qb6 10. Be3 Qb7 11. Qg3 O-O 12. Bh6 Ne8 13. Rad1 Kh8 14. Bg5 Bxg5 15. Qxg5 Nf6 16. e5 dxe5 17. Qxe5 Nbd7 18. Qd6 Re8 19. Nc6 Qb6 20. Ne5 Kg8 21. Nxd7 Nxd7 22. Ne4 Qxd6 23. Nxd6 Re7 24. Nxc8 Rxc8 25. c3 Rc6 26. a4 g6 27. axb5 axb5 28. Rd4 Nb6 29. Rb4 Rc5 30. g3 Kg7 31. Ra1 Nd5 32. Rd4 Nc7 33. Ra7 e5 34. Rd6 e4 35. Rb6 f5 36. Rbb7 Kf6 37. Bd1 g5 38. Be2 f4 39. b4 Rxc3 40. Bxb5 Nxb5 41. Rxe7 Nxa7 42. Rxa7 Ke5 43. Rxh7 e3 44. fxe3 fxe3 45. Kf1 Rc2 46. Ke1 Ke4 47. h4 g4 48. Rf7 Rg2 49. h5 Rxg3 50. h6 Rh3 51. h7 Rh2 52. b5 g3 53. b6 g2 54. Rg7 Rxh7 0-1


[Site "https://www.chess.com"]

[Event "Titled Tuesday Blitz October 5 2021"]
[White "Rustemov, Alexander"]
[Black "Nozdrachev, Leonid"]
[WhiteFideId "4119002"]
[BlackFideId "24113433"]
[WhiteElo "2792"]
[BlackElo "2124"]
[Result "1-0"]
[Round "05"]
[TimeControl "180+1"]
[Date "2021.10.05"]
[WhiteClock "0:01:16"]
[BlackClock "0:01:29"]

1. d4 Nf6 2. c4 e6 3. Nf3 d5 4. Nc3 c5 5. cxd5 Nxd5 6. g3 Be7 7. Bg2 O-O 8. O-O Nc6 9. Nxd5 Qxd5 10. Be3 cxd4 11. Nxd4 Qd7 12. Nxc6 bxc6 13. Qxd7 Bxd7 14. Rfd1 Rfd8 15. Rxd7 Rxd7 16. Bxc6 Rad8 17. Bxd7 Rxd7 18. Rc1 f6 19. Rc8+ Kf7 20. Ra8 e5 21. Rxa7 Rd1+ 22. Kg2 Ke6 23. a4 Re1 24. a5 Rxe2 25. Rb7 f5 26. a6 f4 27. gxf4 exf4 28. a7 fxe3 29. a8=Q Rxf2+ 30. Kg1 1-0


[Site "https://www.chess.com"]

[Event "Titled Tuesday Blitz October 5 2021"]
[White "Sadovsky, Artem"]
[Black "Hirneise, Jens"]
[WhiteFideId "4155840"]
[BlackFideId "24614734"]
[WhiteElo "2370"]
[BlackElo "2323"]
[Result "0-1"]
[Round "05"]
[TimeControl "180+1"]
[Date "2021.10.05"]
[WhiteClock "0:00:15"]
[BlackClock "0:00:43"]

1. Nc3 Nc6 2. d4 d5 3. e4 dxe4 4. d5 Ne5 5. Nxe4 Nf6 6. Nxf6+ exf6 7. c4 Bb4+ 8. Bd2 Qe7 9. Qa4+ Bd7 10. Bxb4 Nf3+ 11. Kd1 Bxa4+ 12. b3 Qxb4 13. Nxf3 Bxb3+ 14. axb3 Qxb3+ 15. Kc1 Qc3+ 16. Kb1 O-O 17. Ra2 Rfe8 18. Be2 Re4 19. Rc1 Qb4+ 20. Rb2 Qxb2+ 21. Kxb2 Rxe2+ 22. Rc2 Rxc2+ 23. Kxc2 a5 24. Nd4 Kf8 25. Nb5 c6 26. Nc7 Rd8 27. Kc3 Rd7 28. Na8 cxd5 29. Nb6 d4+ 30. Kd3 Rd8 31. c5 Ke7 32. Nc4 a4 33. Na5 Ra8 34. Nxb7 a3 35. c6 a2 36. c7 a1=Q 0-1


[Site "https://www.chess.com"]

[Event "Titled Tuesday Blitz October 5 2021"]
[White "Salimova, Nurgyul"]
[Black "Noboa Silva, Kevin"]
[WhiteFideId "2915138"]
[BlackFideId "3618471"]
[WhiteElo "2071"]
[BlackElo "2161"]
[Result "1-0"]
[Round "05"]
[TimeControl "180+1"]
[Date "2021.10.05"]
[WhiteClock "0:00:11"]
[BlackClock "0:00:02"]

1. e4 e6 2. d4 d5 3. Nc3 Nf6 4. e5 Nfd7 5. f4 c5 6. Nf3 Be7 7. Be3 O-O 8. a3 b6 9. h4 f6 10. exf6 Nxf6 11. Qd2 Nc6 12. Bb5 Nxd4 13. Nxd4 cxd4 14. Bxd4 Bd6 15. g3 Bd7 16. Be2 Rc8 17. h5 h6 18. O-O-O b5 19. Bxb5 Bxb5 20. Nxb5 Ne4 21. Qe3 Bb8 22. Nc3 Rxc3 23. Bxc3 Qc8 24. Kb1 Bd6 25. Qd4 Rf7 26. Rhe1 Bc5 27. Qe5 Rb7 28. Rxe4 dxe4 29. g4 Bf8 30. g5 Qc6 31. gxh6 Rb5 32. Qd4 Rd5 33. Qg1 Rxd1+ 34. Qxd1 gxh6 35. Qg4+ Kf7 36. Qg6+ Ke7 37. Bf6+ Kd6 38. Be5+ Kd5 39. Qg1 Qc4 40. b3 Qc5 41. Qd1+ Kc6 42. Qd8 Bd6 43. Qc8+ Kd5 44. Qb7+ Qc6 45. c4+ Kc5 46. b4+ Kxc4 47. Qxc6+ Kb3 48. Qxd6 1-0


[Site "https://www.chess.com"]

[Event "Titled Tuesday Blitz October 5 2021"]
[White "Sarana, Alexey"]
[Black "Indjic, Aleksandar"]
[WhiteFideId "24133795"]
[BlackFideId "911925"]
[WhiteElo "2671"]
[BlackElo "2643"]
[Result "1-0"]
[Round "05"]
[TimeControl "180+1"]
[Date "2021.10.05"]
[WhiteClock "0:00:09"]
[BlackClock "0:00:08"]

1. d4 Nf6 2. c4 c5 3. d5 e6 4. Nc3 exd5 5. cxd5 d6 6. e4 g6 7. Be2 a6 8. a4 Qe7 9. Qc2 Bg7 10. Nf3 Ng4 11. O-O Nd7 12. Bf4 Nde5 13. Nxe5 Nxe5 14. a5 Bd7 15. Na4 Bxa4 16. Rxa4 O-O 17. b4 Rac8 18. b5 axb5 19. Bxb5 f5 20. exf5 Rxf5 21. Bg3 Rcf8 22. Be2 h5 23. h4 Kh7 24. Re4 Qf7 25. Qd1 Qc7 26. Bxe5 Rxe5 27. Bd3 Rxd5 28. Re6 Kh8 29. Qe2 c4 30. Bxg6 c3 31. Bc2 Qf7 32. Qe4 Rf5 33. Re7 Qg6 34. Rxb7 d5 35. Qd3 Qg4 36. Qe3 d4 37. Qd3 Qxh4 38. a6 Be5 39. g3 Qh3 40. a7 h4 41. a8=Q hxg3 42. Qxf8+ Rxf8 43. Rh7+ Kg8 44. Qg6+ 1-0


[Site "https://www.chess.com"]

[Event "Titled Tuesday Blitz October 5 2021"]
[White "Sargsyan, Anna M."]
[Black "Snehal, Bhosale"]
[WhiteFideId "13308130"]
[BlackFideId "5021995"]
[WhiteElo "2263"]
[BlackElo "2103"]
[Result "0-1"]
[Round "05"]
[TimeControl "180+1"]
[Date "2021.10.05"]
[WhiteClock "0:00:02"]
[BlackClock "0:00:21"]

1. d4 d5 2. c4 c6 3. Nf3 Nf6 4. Nc3 a6 5. cxd5 cxd5 6. Bf4 e6 7. e3 Bd6 8. Bxd6 Qxd6 9. Ne5 O-O 10. f4 b5 11. Bd3 Bb7 12. O-O Ne4 13. f5 f6 14. Ng4 exf5 15. Rxf5 Bc8 16. Rh5 f5 17. Ne5 Nd7 18. Bxe4 fxe4 19. Nxd7 Bxd7 20. Rxd5 Qe7 21. Re5 Qh4 22. Nxe4 Rae8 23. Ng3 Rxe5 24. dxe5 Be6 25. Qd6 Qh6 26. Kh1 Qg6 27. Rf1 Rxf1+ 28. Nxf1 Qf5 29. Kg1 h5 30. Qxa6 Bc4 31. Qa8+ Kh7 32. Qf3 Qxe5 33. Ng3 g6 34. b3 Qa1+ 35. Nf1 Be6 36. h3 Qxa2 37. b4 Bd5 38. Qf2 Qb1 39. Kh2 Qxb4 40. Ng3 Qc4 41. e4 Be6 42. Qa7+ Bf7 43. e5 Kh6 44. Qe3+ Kg7 45. Ne2 b4 46. Nd4 b3 47. e6 Be8 48. Nxb3 Kf6 49. Nd4 Ke7 50. Qe5 Qf1 51. Nf3 Qc1 52. Ng5 Qa3 53. Qg7+ Kd8 54. Qf6+ Kc8 55. Qh8 Qd6+ 56. Kh1 Qd1+ 57. Kh2 Qd6+ 58. Kg1 Qd1+ 59. Kf2 Qd2+ 60. Kf3 Qd3+ 61. Kf4 Qf5+ 62. Kg3 Qxg5+ 63. Kh2 Qf4+ 64. Kh1 Qc1+ 65. Kh2 Qc7+ 66. Kh1 Qe7 67. Qc3+ Qc7 68. Qh8 Qc6 69. Qf8 Kc7 70. Qe7+ Kb6 71. Qd8+ Qc7 72. Qd4+ Kb7 73. Qb4+ Kc8 74. Qf8 Qc6 75. Qe7 Qc1+ 0-1


[Site "https://www.chess.com"]

[Event "Titled Tuesday Blitz October 5 2021"]
[White "Shkapenko, Pavel"]
[Black "Mezentsev, Ivan"]
[WhiteFideId "4151933"]
[BlackFideId "13706195"]
[WhiteElo "2386"]
[BlackElo "2295"]
[Result "0-1"]
[Round "05"]
[TimeControl "180+1"]
[Date "2021.10.05"]
[WhiteClock "0:00:11"]
[BlackClock "0:00:20"]

1. e4 d5 2. exd5 Nf6 3. Bb5+ Bd7 4. Be2 Nxd5 5. d4 g6 6. c4 Nb6 7. Nc3 Bc8 8. h3 Bg7 9. Nf3 O-O 10. Be3 Nc6 11. d5 Na5 12. Bd4 Bh6 13. b3 c6 14. O-O cxd5 15. Bxb6 axb6 16. Nxd5 Nc6 17. a4 e6 18. Nc3 Bg7 19. Rc1 e5 20. Qxd8 Rxd8 21. Nd5 Be6 22. Nc7 Rac8 23. Nxe6 fxe6 24. Rfd1 e4 25. Ng5 Bh6 26. h4 Bxg5 27. hxg5 Nd4 28. Bg4 Kf7 29. Rc3 Nf5 30. Rxd8 Rxd8 31. c5 Rc8 32. Rh3 h5 33. gxh6 bxc5 34. Be2 Rh8 35. h7 Kg7 36. Bc4 Nd4 37. Re3 Rxh7 38. Rxe4 Kf6 39. f3 Rd7 40. Kf2 Rd6 41. Rf4+ Ke7 42. Rh4 Nf5 43. Rh7+ Kf6 44. Rxb7 Rd2+ 45. Ke1 Rxg2 46. a5 Ra2 47. a6 Nd4 48. f4 Kf5 49. Rf7+ Ke4 50. a7 Ke3 51. Kf1 Nf3 52. Be2 Rxe2 0-1


[Site "https://www.chess.com"]

[Event "Titled Tuesday Blitz October 5 2021"]
[White "Silich, Yahor"]
[Black "Vokhidov, Shamsiddin"]
[WhiteFideId "13513656"]
[BlackFideId "14204223"]
[WhiteElo "2070"]
[BlackElo "2616"]
[Result "0-1"]
[Round "05"]
[TimeControl "180+1"]
[Date "2021.10.05"]
[WhiteClock "0:00:01"]
[BlackClock "0:00:14"]

1. e4 c5 2. Nf3 e6 3. Nc3 Nc6 4. Bb5 Nd4 5. O-O a6 6. Bd3 Nc6 7. Nd5 Bd6 8. Ne3 Bc7 9. c3 Nge7 10. Bc2 d5 11. exd5 exd5 12. d4 cxd4 13. Nxd4 O-O 14. Nef5 Nxf5 15. Nxf5 g6 16. Nd4 Qf6 17. Be3 Re8 18. Qf3 Qd6 19. Qg3 Qxg3 20. hxg3 Bxg3 21. Nb3 Bc7 22. Rad1 Be6 23. Nc5 b6 24. Nxe6 fxe6 25. f4 Ne7 26. g4 Rf8 27. Kg2 Rf7 28. Rde1 Raf8 29. Bd2 Bxf4 30. Bxf4 Rxf4 31. Rxf4 Rxf4 32. Kg3 Rc4 33. Rxe6 Nc8 34. Bb3 Rc5 35. Re8+ Kf7 36. Rd8 Ke6 37. Rh8 Rc7 38. Re8+ Ne7 39. Ra8 a5 40. Rh8 Nc6 41. Re8+ Kd6 42. Kf4 Rf7+ 43. Kg5 Rf2 44. Rc8 b5 45. a4 b4 0-1


[Site "https://www.chess.com"]

[Event "Titled Tuesday Blitz October 5 2021"]
[White "Sjugirov, Sanan"]
[Black "Moroni, Luca Jr"]
[WhiteFideId "4189302"]
[BlackFideId "865834"]
[WhiteElo "2654"]
[BlackElo "2491"]
[Result "0-1"]
[Round "05"]
[TimeControl "180+1"]
[Date "2021.10.05"]
[WhiteClock "0:00:06"]
[BlackClock "0:00:05"]

1. d4 g6 2. e4 Bg7 3. Nf3 d6 4. Bd3 Nf6 5. O-O O-O 6. c3 Nc6 7. Re1 a6 8. h3 e5 9. Bc2 Re8 10. Nbd2 Nh5 11. Nf1 exd4 12. cxd4 Nb4 13. Bb3 Be6 14. Bxe6 fxe6 15. Qb3 Nc6 16. Be3 Qd7 17. Rac1 Nd8 18. N1h2 Rf8 19. Ng4 Nf4 20. Bxf4 Rxf4 21. Qe3 Rf8 22. Rc2 c6 23. e5 d5 24. Rf1 Qf7 25. Nh6+ Bxh6 26. Qxh6 Qg7 27. Qe3 Nf7 28. Ne1 Nh6 29. g4 Nf7 30. Nd3 g5 31. f4 gxf4 32. Nxf4 Ng5 33. Rcf2 Qh6 34. Nh5 Rxf2 35. Rxf2 Rf8 36. Rxf8+ Kxf8 37. Kg2 Qg6 38. Kg3 Ne4+ 39. Kh2 Ng5 40. Kg3 Ne4+ 41. Kg2 Ng5 42. Qf2+ Ke8 43. Nf6+ Kd8 44. h4 Ne4 45. Qf4 Kc7 46. h5 Qg5 47. Qxg5 Nxg5 48. Kg3 h6 49. Ng8 Nf7 50. Kf4 c5 51. Nxh6 Nxh6 52. g5 Ng8 53. h6 Ne7 54. Kg4 cxd4 55. g6 Nxg6 56. Kg5 Nh8 57. Kf6 d3 58. Kg7 d2 59. Kxh8 d1=Q 60. h7 Qh5 61. Kg7 Qxe5+ 0-1


[Site "https://www.chess.com"]

[Event "Titled Tuesday Blitz October 5 2021"]
[White "Skatchkov, Valery"]
[Black "Havanecz, Bianka"]
[WhiteFideId "24195812"]
[BlackFideId "704814"]
[WhiteElo "2195"]
[BlackElo "2433"]
[Result "1-0"]
[Round "05"]
[TimeControl "180+1"]
[Date "2021.10.05"]
[WhiteClock "0:00:08"]
[BlackClock "0:00:01"]

1. d4 d5 2. Nf3 Nf6 3. c4 e6 4. g3 Bb4+ 5. Nbd2 O-O 6. Bg2 b6 7. O-O Bb7 8. cxd5 Bxd5 9. Qc2 Nbd7 10. a3 Be7 11. e4 Bb7 12. b4 c5 13. dxc5 bxc5 14. b5 a6 15. bxa6 Bxa6 16. Rd1 Rc8 17. Bb2 Qc7 18. Bc3 Rfd8 19. a4 Nf8 20. Ne5 c4 21. h3 N6d7 22. f4 Nxe5 23. Bxe5 Qa7+ 24. Kh2 c3 25. Nb3 Rxd1 26. Rxd1 Bb4 27. Bd4 Qc7 28. e5 Nd7 29. Be4 g6 30. Bd3 Bc4 31. Be4 Nb6 32. a5 Nd5 33. Ra1 Bxb3 34. Qxb3 Bxa5 35. Bxd5 exd5 36. Qxd5 c2 37. Be3 Bc3 38. Rc1 Bb2 39. e6 Bxc1 40. Bxc1 fxe6 41. Qxe6+ Kf8 42. Ba3+ Kg7 43. Bb2+ Kh6 44. Bc1 Qc4 45. f5+ Kg7 46. Bb2+ Kh6 47. Qe3+ g5 48. Bc1 Rg8 49. f6 1-0


[Site "https://www.chess.com"]

[Event "Titled Tuesday Blitz October 5 2021"]
[White "Skuhala, Barbara"]
[Black "Krivonosov, Oleg"]
[WhiteFideId "14605465"]
[BlackFideId "11600349"]
[WhiteElo "2121"]
[BlackElo "2469"]
[Result "0-1"]
[Round "05"]
[TimeControl "180+1"]
[Date "2021.10.05"]
[WhiteClock "0:00:35"]
[BlackClock "0:00:20"]

1. e4 e5 2. Nf3 Nc6 3. d4 exd4 4. Nxd4 Nf6 5. Nxc6 bxc6 6. Bd3 d5 7. exd5 cxd5 8. O-O Be7 9. c4 c6 10. Nc3 O-O 11. a3 Be6 12. cxd5 Nxd5 13. Nxd5 Bxd5 14. Qc2 h6 15. Be4 Bf6 16. Bxd5 cxd5 17. Bf4 Qb6 18. Rab1 Rac8 19. Qd2 d4 20. b4 Rc3 21. a4 Rfc8 22. a5 Qb5 23. Rfe1 a6 24. g3 R8c4 25. Bd6 Qd5 26. Bc5 d3 27. Rbd1 Kh7 28. Re3 Re4 29. Rxe4 Qxe4 30. Qe3 Qxe3 31. Bxe3 Rb3 32. Bc5 Kg6 33. Kg2 Kf5 34. Kf3 d2+ 35. Ke2 Bc3 36. Be3 Rxb4 37. Kd3 Rb3 38. Kc4 Ra3 39. Bxd2 Bxd2 40. Rxd2 Rxa5 41. Rd7 Kg6 42. Rd2 Ra1 43. h3 Kf6 44. Kd4 g5 45. Ke3 a5 46. Kf3 a4 47. Rd6+ Kg7 48. Ra6 a3 49. Kg2 h5 50. Ra7 Kf6 51. Ra4 Ke5 52. Ra5+ Kf6 53. Ra6+ Kg7 54. Ra5 Kg6 55. Ra6+ f6 56. Ra5 Ra2 57. Ra7 Kf5 58. Rh7 Rc2 59. Ra7 a2 60. Ra5+ Ke4 61. Ra3 g4 62. hxg4 hxg4 63. Ra6 Kd4 64. Ra3 Kc4 65. Ra8 Kb3 66. Rb8+ Kc3 67. Rc8+ Kb2 68. Rb8+ Kc1 69. Ra8 Kb1 0-1


[Site "https://www.chess.com"]

[Event "Titled Tuesday Blitz October 5 2021"]
[White "Starozhilov, Leonid"]
[Black "Ladan, Nicholas"]
[WhiteFideId "14106752"]
[BlackFideId "30918855"]
[WhiteElo "2414"]
[BlackElo "2404"]
[Result "1-0"]
[Round "05"]
[TimeControl "180+1"]
[Date "2021.10.05"]
[WhiteClock "0:00:09"]
[BlackClock "0:00:08"]

1. e4 e5 2. Nf3 Nc6 3. Bc4 Nf6 4. d3 h6 5. Nc3 d6 6. h3 g6 7. g4 Bg7 8. a3 a6 9. Be3 Qe7 10. Qd2 Be6 11. O-O-O O-O-O 12. Nd5 Bxd5 13. exd5 Nb8 14. Kb1 Nbd7 15. Qa5 Kb8 16. Rhe1 Ne8 17. Nd2 f5 18. gxf5 gxf5 19. Bxa6 bxa6 20. Qxa6 Nc5 21. Bxc5 dxc5 22. Nc4 Rd6 23. Qb5+ Kc8 24. Qxc5 Qf6 25. Rxe5 Qxe5 26. Nxe5 Bxe5 27. Re1 Bf6 28. Rg1 Ng7 29. Qa5 Re8 30. Qa8+ Kd7 31. Qa4+ Kd8 32. Qf4 Rb6 33. b3 Be5 34. Qh4+ Kd7 35. Qa4+ Kd8 36. d4 Bf6 37. Qc4 Re4 38. Rd1 Ne8 39. f3 Re3 40. d6 Rxd6 41. Qg8 Rxd4 42. Rxd4+ Bxd4 43. b4 Kd7 44. Ka2 Nd6 45. Qh7+ Kc6 46. Qxh6 Rc3 47. Kb1 Rxf3 48. c4 Kb7 49. Qe6 Re3 50. Qd5+ c6 51. Qxd4 Rxh3 52. Qxd6 Rh2 53. Qxh2 Kb6 54. Qf4 Ka6 55. Qxf5 Kb6 56. Qc5+ Ka6 57. Qxc6+ Ka7 58. Qb5 1-0


[Site "https://www.chess.com"]

[Event "Titled Tuesday Blitz October 5 2021"]
[White "Svane, Rasmus"]
[Black "Aradhya, Garg"]
[WhiteFideId "4657101"]
[BlackFideId "25006746"]
[WhiteElo "2643"]
[BlackElo "2146"]
[Result "1-0"]
[Round "05"]
[TimeControl "180+1"]
[Date "2021.10.05"]
[WhiteClock "0:00:28"]
[BlackClock "0:00:02"]

1. Nf3 d5 2. g3 Nf6 3. Bg2 c5 4. O-O Nc6 5. d4 g6 6. c4 cxd4 7. Nxd4 Bg7 8. Nc3 Nxd4 9. Qxd4 Be6 10. cxd5 O-O 11. Qd3 Bd7 12. Be3 b5 13. Nxb5 Qa5 14. Nd4 Ng4 15. Nc6 Qa4 16. Bc5 Ne5 17. Qb3 Qa6 18. Nxe7+ Kh8 19. Nc6 Rfc8 20. Rac1 Nxc6 21. dxc6 Bxc6 22. Qxf7 Bxg2 23. Kxg2 Qxe2 24. Be3 Qxb2 25. Rxc8+ Rxc8 26. Qxa7 Qc2 27. Qb7 Rf8 28. Qd5 h5 29. Rc1 Qb2 30. Rc7 h4 31. Rxg7 Qe2 32. Rxg6 h3+ 33. Kxh3 Kh7 34. Rh6+ Kg7 35. Qe5+ Kf7 36. Qe6+ Kg7 37. Qg6# 1-0


[Site "https://www.chess.com"]

[Event "Titled Tuesday Blitz October 5 2021"]
[White "Sychev, Klementy"]
[Black "Sanchez, Robert"]
[WhiteFideId "4114060"]
[BlackFideId "2034360"]
[WhiteElo "2615"]
[BlackElo "2247"]
[Result "1-0"]
[Round "05"]
[TimeControl "180+1"]
[Date "2021.10.05"]
[WhiteClock "0:01:26"]
[BlackClock "0:01:19"]

1. Nf3 d5 2. g3 c6 3. Bg2 Nf6 4. O-O Bg4 5. h3 Bxf3 6. Bxf3 e6 7. d4 Nbd7 8. Nd2 Bd6 9. e4 dxe4 10. Nxe4 Nxe4 11. Bxe4 Qc7 12. c3 h5 13. Re1 O-O-O 14. b4 Kb8 15. a4 f5 16. Bg2 e5 17. Bg5 Nf6 18. dxe5 Bxe5 19. Qc2 Bd6 20. Qxf5 Rdf8 21. Qg6 h4 22. Bxh4 Nd5 23. Rad1 Rh6 24. Re8+ Rxe8 25. Qxe8+ Qc8 26. Qxc8+ Kxc8 27. Bxd5 cxd5 28. Rxd5 1-0


[Site "https://www.chess.com"]

[Event "Titled Tuesday Blitz October 5 2021"]
[White "Sydoryka, Vladyslav"]
[Black "Lashkin, Jegor"]
[WhiteFideId "14145928"]
[BlackFideId "13907808"]
[WhiteElo "2282"]
[BlackElo "2293"]
[Result "0-1"]
[Round "05"]
[TimeControl "180+1"]
[Date "2021.10.05"]
[WhiteClock "0:00:04"]
[BlackClock "0:00:28"]

1. c4 e5 2. g3 c6 3. Nf3 e4 4. Nd4 Nf6 5. Bg2 Qb6 6. Nc2 d5 7. d3 exd3 8. Qxd3 dxc4 9. Qxc4 Be6 10. Qa4 Na6 11. Nc3 Nc5 12. Qf4 Be7 13. O-O O-O 14. Nd4 Rad8 15. Nxe6 Nxe6 16. Qa4 Bc5 17. e3 h5 18. a3 Be7 19. b4 Ng4 20. Ne4 Nf6 21. Bb2 Nxe4 22. Bxe4 a6 23. Qc2 c5 24. bxc5 Nxc5 25. Bg2 Qe6 26. Rab1 b6 27. Bd4 h4 28. Qb2 h3 29. Bh1 Na4 30. Qc2 b5 31. Bf3 Bf6 32. Bxf6 Qxf6 33. Rfd1 Qxf3 0-1


[Site "https://www.chess.com"]